 Seeded DCSS version 0.30-a0-371-gad7725a93e (webtiles) character file.

Game seed: 4866231847754521613 (custom seed)

660352 purpskrrrp the Conqueror (level 27, -2/218 HPs)
             Began as a Minotaur Monk on Nov 18, 2022.
             Was the Champion of Hepliaklqana.
             Killed from afar by Lom Lobon (23 damage)
             ... with a great icy blast
             ... in Pandemonium on Nov 21, 2022.
             The game lasted 02:35:51 (61417 turns).

purpskrrrp the Conqueror (Minotaur Monk)           Turns: 61417, Time: 02:35:51

Health: -2/218     AC: 48    Str: 51 (53) XL:     27
Magic:  28/28      EV: 35    Int:  9      God:    Hepliaklqana [******]
Gold:   12498      SH: 32    Dex: 36      Spells: 26/26 levels left

rFire   + + .      SeeInvis +    k - +11 broad axe of Ambiguity {venom, Drain rF+ Str+4}
rCold   . . .      Faith    .    W - +1 tower shield of the Catamount {Dex+10}
rNeg    . . .      Spirit   .    M - +9 crystal plate armour of Agoraphobia {+Inv Dex+2}
rPois   .          Reflect  .    I - +2 hat
rElec   .          Harm     .    Y - +1 cloak of Evolution {*Corrode MP+9 Dex+10}
rCorr   .          Rampage  .    h - +3 pair of gauntlets of War {Slay+5}
Will    ++...      Rage     3%   t - +3 pair of boots of Guugenod {Int+6}
Stlth   .......... Rnd*Tele +    b - amulet "Wiefeloh" {Regen+ Str+10}
HPRegen 2.16/turn                s - ring of Attitude {Str+6 SInv}
MPRegen 0.21/turn                E - +6 ring of strength

@: on berserk cooldown, slowed, very slow
A: reduced essence, horns 2, retaliatory headbutt, berserk 1, deformed body,
deterioration 1, dopey 2, fire resistance 1, frail 1, low MP 1, regeneration 1,
teleportitis 1, weak 1, no potion heal 2, inability to drink after injury 1
}: 5/15 runes: decaying, slimy, silver, demonic, gossamer
a: Renounce Religion, Evoke Invisibility, Recall Ancestor, Ancestor Identity,
Transference, Idealise


You were in Pandemonium.
You worshipped Hepliaklqana.
Hepliaklqana was exalted by your worship.
You visited 11 branches of the dungeon, and saw 51 of its levels.
You visited Pandemonium 1 time, and saw 3 of its levels.
You visited the Abyss 2 times.
You also visited: Gauntlet and Ice Cave.

You collected 13793 gold pieces.
You spent 1295 gold pieces at shops.

Inventory:

Hand Weapons
 k - the +11 broad axe of Ambiguity (weapon) {venom, Drain rF+ Str+4}
   (You acquired it on level 1 of the Dungeon)

   It poisons the flesh of those it strikes.
   Str:       It affects your strength (+4).
   rF:        It protects you from fire.
   Drain:     It drains your maximum health when unequipped.
 p - a +5 executioner's axe of distortion
Missiles
 S - 2 throwing nets
Armour
 a - a +2 pair of gloves of infusion
 h - the +3 pair of gauntlets of War (worn) {Slay+5}
   (You found it on level 2 of the Crypt)

   Slay:      It affects your accuracy & damage with ranged weapons and melee
   (+5).
 t - the +3 pair of boots of Guugenod (worn) {Int+6}
   (You bought it in a shop on level 1 of the Depths)

   Int:       It affects your intelligence (+6).
 u - a +3 tower shield of cold resistance
 I - a +2 hat (worn)
 M - the +9 crystal plate armour of Agoraphobia (worn) {+Inv Dex+2}
   (You acquired it on level 10 of the Dungeon)

   Dex:       It affects your dexterity (+2).
   +Inv:      It lets you turn invisible.
 W - the +1 tower shield of the Catamount (worn) {Dex+10}
   (You acquired it on level 1 of the Spider Nest)

   Dex:       It affects your dexterity (+10).
 Y - the +1 cloak of Evolution (worn) {*Corrode MP+9 Dex+10}
   (You acquired it on level 2 of the Elven Halls)

   Dex:       It affects your dexterity (+10).
   MP:        It affects your magic capacity (+9).
   *Corrode:  It may corrode you when you take damage.
Jewellery
 b - the amulet "Wiefeloh" (around neck) {Regen+ Str+10}
   (You found it in a Gauntlet)

   [amulet of regeneration]

   Str:       It affects your strength (+10).
   Regen:     It increases your rate of health regeneration.
 o - the amulet of the Four Winds {rN+ Will+++ Clar}
   (You found it on level 5 of the Pits of Slime)

   [amulet of nothing]

   rN:        It protects you from negative energy.
   Clar:      It protects you against confusion.
   Will:      It greatly increases your willpower.
 s - the ring of Attitude (left hand) {Str+6 SInv}
   (You took it off a minotaur in a Gauntlet)

   [ring of strength]

   Str:       It affects your strength (+6).
   SInv:      It lets you see invisible.
 v - a +6 ring of intelligence
 x - the ring "Ceh Zee" {Fly rElec rF+ rCorr Dex-5}
   (You found it on level 5 of the Pits of Slime)

   [ring of resist corrosion]

   Dex:       It affects your dexterity (-5).
   rF:        It protects you from fire.
   rElec:     It insulates you from electricity.
   Fly:       It grants you flight.
   rCorr:     It protects you from acid and corrosion.
 E - a +6 ring of strength (right hand)
 F - a +4 ring of protection
 N - a ring of positive energy
 Q - a ring of flight
Wands
 e - a wand of iceblast (13)
 q - a wand of flame (103)
 w - a wand of mindburst (21)
 D - a wand of polymorph (14)
 J - a wand of paralysis (69)
 X - a wand of digging (17)
 Z - a wand of light (29)
Scrolls
 g - 21 scrolls of teleportation
 i - 6 scrolls of magic mapping
 l - 8 scrolls of butterflies
 m - a scroll of brand weapon
 n - 10 scrolls of poison
 G - 13 scrolls of fear
 H - 3 scrolls of silence
 L - a scroll of summoning
 V - 3 scrolls of enchant weapon
Potions
 c - 12 potions of ambrosia
 d - 14 potions of mutation
 f - 4 potions of flight
 j - 5 potions of might
 r - 37 potions of curing
 z - 5 potions of berserk rage
 A - 11 potions of haste
 B - 7 potions of resistance
 C - 2 potions of invisibility
 K - 15 potions of heal wounds
 R - 5 potions of cancellation
Miscellaneous
 P - the horn of Geryon


   Skills:
 O Level 27 Fighting
 O Level 27 Axes
 - Level 19.5 Throwing
 + Level 26.9 Armour
 * Level 22.3 Dodging
 - Level 1.5 Stealth
 O Level 27 Shields


You had 26 spell levels left.
You didn't know any spells.
Your spell library contained the following spells:

 Spells                   Type           Power      Damage    Failure   Level
 Apportation              Tloc           0%         N/A       73%         1
 Beastly Appendage        Tmut           0%         N/A       73%         1
 Foxfire                  Conj/Fire      0%         2x1d4     73%         1
 Kiss of Death            Conj/Necr      0%         2d5       73%         1
 Magic Dart               Conj           0%         1d3       73%         1
 Necrotise                Necr           0%         1d4       73%         1
 Sandblast                Erth           0%         2d4       73%         1
 Sting                    Tmut/Pois      0%         1d3       73%         1
 Summon Small Mammal      Summ           0%         N/A       73%         1
 Blink                    Tloc           0%         N/A       86%         2
 Call Imp                 Summ           0%         N/A       86%         2
 Ensorcelled Hibernation  Hex/Ice        0%         N/A       86%         2
 Momentum Strike          Conj/Tloc      0%         3d8       86%         2
 Passwall                 Tmut/Erth      0%         N/A       86%         2
 Poisonous Vapours        Pois/Air       0%         N/A       86%         2
 Scorch                   Fire           0%         2d5       86%         2
 Static Discharge         Conj/Air       0%         2-2/arc   86%         2
 Sublimation of Blood     Necr           0%         N/A       86%         2
 Wereblood                Tmut           0%         N/A       86%         2
 Call Canine Familiar     Summ           0%         N/A       97%         3
 Confusing Touch          Hex            0%         N/A       97%         3
 Dazzling Flash           Conj/Hex       0%         N/A       97%         3
 Gell's Gravitas          Tloc           0%         N/A       97%         3
 Hailstorm                Conj/Ice       0%         3d3       97%         3
 Inner Flame              Hex/Fire       0%         N/A       97%         3
 Kindle Blastsparks       Fire/Tloc/Air  0%         2d10      97%         3
 Lesser Beckoning         Tloc           0%         N/A       97%         3
 Mephitic Cloud           Conj/Pois/Air  0%         N/A       97%         3
 Ozocubu's Armour         Ice            0%         N/A       97%         3
 Portal Projectile        Hex/Tloc       0%         N/A       97%         3
 Spider Form              Tmut/Pois      0%         N/A       97%         3
 Stone Arrow              Conj/Erth      0%         3d7       97%         3
 Swiftness                Air            0%         N/A       97%         3
 Teleport Other           Tloc           0%         N/A       97%         3
 Tukima's Dance           Hex            0%         N/A       97%         3
 Vampiric Draining        Necr           0%         2d6       97%         3
 Airstrike                Air            0%         2d(0-16)  100%        4
 Anguish                  Hex/Necr       0%         N/A       100%        4
 Animate Armour           Summ/Erth      0%         N/A       100%        4
 Flame Wave               Conj/Fire      0%         2d4       100%        4
 Fulminant Prism          Conj/Hex       0%         3d5       100%        4
 Iskenderun's Mystic Bla  Conj/Tloc      0%         2d3       100%        4
 Leda's Liquefaction      Hex/Erth       0%         N/A       100%        4
 Manifold Assault         Tloc           0%         N/A       100%        4
 Olgreb's Toxic Radiance  Pois           0%         N/A       100%        4
 Petrify                  Tmut/Erth      0%         N/A       100%        4
 Summon Ice Beast         Ice/Summ       0%         N/A       100%        4
 Summon Lightning Spire   Summ/Air       0%         N/A       100%        4
 Agony                    Necr           0%         N/A       100%        5
 Alistair's Intoxication  Tmut/Pois      0%         N/A       100%        5
 Blade Hands              Tmut           0%         N/A       100%        5
 Borgnjor's Vile Clutch   Necr/Erth      0%         N/A       100%        5
 Irradiate                Conj/Tmut      0%         3d11      100%        5
 Iskenderun's Battlesphe  Conj           0%         2d6       100%        5
 Lee's Rapid Deconstruct  Erth           0%         3d4*      100%        5
 Lightning Bolt           Conj/Air       0%         1d11      100%        5
 Metabolic Englaciation   Hex/Ice        0%         N/A       100%        5
 Yara's Violent Unravell  Hex/Tmut       0%         3d3       100%        5
 Conjure Ball Lightning   Conj/Air       0%         3x3d6     100%        6
 Dispersal                Tloc           0%         N/A       100%        6
 Iron Shot                Conj/Erth      0%         9d1       100%        6
 Simulacrum               Ice/Necr       0%         N/A       100%        6
 Starburst                Conj/Fire      0%         6d3       100%        6
 Statue Form              Tmut/Erth      0%         N/A       100%        6
 Summon Cactus Giant      Summ           0%         N/A       100%        6
 Enfeeble                 Hex            0%         N/A       100%        7
 Haunt                    Necr/Summ      0%         N/A       100%        7
 Ozocubu's Refrigeration  Ice            0%         4d7       100%        7
 Spellforged Servitor     Conj/Summ      0%         N/A       100%        7
 Discord                  Hex            0%         N/A       100%        8
 Disjunction              Tloc           0%         N/A       100%        8
 Ignition                 Fire           0%         3d3       100%        8
 Maxwell's Capacitive Co  Air            0%         ∞         100%        8
 Fire Storm               Conj/Fire      0%         5d1       100%        9


Dungeon Overview and Level Annotations

Branches:
Dungeon (15/15)            Temple (0/1) D:7            Lair (5/5) D:9
  Swamp (4/4) Lair:2       Spider (4/4) Lair:2        Slime (5/5) Lair:5
    Orc (2/2) D:10            Elf (3/3) Orc:2        Vaults (5/5) D:14
  Crypt (3/3) Vaults:3       Tomb (0/3) Crypt:3      Depths (4/4) D:15
   Hell (visited)             Dis (0/7) Hell            Geh (0/7) Hell
    Coc (0/7) Hell            Tar (0/7) Hell            Zot (0/5) Depths:4
  IceCv (visited)         Gauntlet (visited)

Altars:
Cheibriados
Elyvilon
Gozag
Hepliaklqana
Kikubaaqudgha
Okawaru
Qazlal
Ru
Sif Muna
Trog
Uskayaw
Vehumet
Wu Jian
Xom
Yredelemnul
Zin
The Shining One
Jiyva

Shops:
D:5 (   Orc:1 =*   Orc:2 [*(=   Elf:1 [   Vaults:2 =   Depths:1 [[   Depths:2 *

Portals:
Hell: Depths:1 Depths:2 Depths:3 Depths:4
Abyss: Depths:3
Pandemonium: Depths:2 Depths:3
Ziggurat: Depths:3

Annotations:
Pan Lom Lobon


Innate Abilities, Weirdness & Mutations

Your life essence is reduced to manifest your ancestor. (-10% HP)
You have a pair of horns on your head.
You reflexively headbutt those who attack you in melee.
You sometimes lose your temper in combat.
Armour fits poorly on your strangely shaped body.
Your body sometimes deteriorates upon taking damage.
You are very dopey. (Int -4)
Your flesh is heat resistant. (rF+)
You are frail. (-10% HP)
Your magical capacity is low. (-10% MP)
Your natural rate of healing is unusually fast.
You are occasionally teleported next to monsters.
You are weak. (Str -2)
Potions cannot restore your health.
You occasionally lose the ability to drink potions when taking damage.


Message History

Your butterfly is engulfed in freezing vapours.
Your butterfly dies!
Your butterfly disappears in a burst of colours!
Your butterfly is engulfed in freezing vapours.
Your butterfly dies!
Your butterfly disappears in a burst of colours!
Your butterfly is engulfed in freezing vapours.
Your butterfly dies!
Your butterfly disappears in a burst of colours!
Okay, then.
As you read the scroll of summoning, it crumbles to dust.
Wisps of shadow whirl around you...
Your butterfly is engulfed in freezing vapours.
Your butterfly dies!
Your butterfly disappears in a burst of colours!
Your butterfly is engulfed in freezing vapours.
Your butterfly dies!
Your butterfly disappears in a burst of colours!
Your butterfly is engulfed in freezing vapours.
Your butterfly dies!
Your butterfly disappears in a burst of colours!
The wizard becomes larger for a moment.
Lom Lobon gestures at you.
Lom Lobon conjures a mighty blast of ice!
The great icy blast engulfs your sixfirhy!!!!
Your sixfirhy is frozen into a solid block of ice!
Your sixfirhy dies!
Your sixfirhy dissolves into shadows!
The great icy blast engulfs your butterfly!!!
Your butterfly dies!
Your butterfly disappears in a burst of colours!
The great icy blast engulfs your butterfly!!!
Your butterfly dies!
Your butterfly disappears in a burst of colours!
The great icy blast engulfs your butterfly!!!!
Your butterfly is frozen into a solid block of ice!
Your butterfly dies!
Your butterfly disappears in a burst of colours!
The great icy blast engulfs you!!
You die...

≈#######≈≈...≈≈#######≈≈...##≈≈≈≈
## ##≈...≈##≈≈ ##≈≈...##≈≈≈ #
##...##≈≈≈ ##≈≈...##≈≈ ##.##≈≈≈≈
##≈≈...##≈ #.#≈≈≈≈# ##≈≈..##≈
#.#≈≈b≈# #≈≈?..# ' #☼#b≈4≈#+
#≈≈...# #.≈ ##§##bb§b###≈≈≈
#≈≈...#
≈≈.≈##§b§##§@b≈≈≈≈≈≈##≈≈..##
≈≈≈...§§§§8§bb≈≈b≈≈##≈≈...# #
≈≈#...§&§○°8#b≈≈≈≈##≈≈...## ##
#○.§☼§☼☼§§##b≈≈##≈≈...## .#
#°°○.§§§§○..#####.....## .#
..☼...§§§°☼.... #.....# .#
##°..°..☼○...### #.....## ##
##.......○.## ##≈≈...## #
#.........# ##≈≈...##


You could see Lom Lobon (gusty, ally target) and a friendly hellwing (summoned).

Vanquished Creatures
  the Royal Jelly (Slime:5)
  A dread lich (Vaults:5)
  Mara (Depths:2)
  A juggernaut (Depths:2)
  The ghost of Uroast the Impregnable, a veteran MiGl of Hepliaklqana (Crypt:1)
  Bai Suzhen (Vaults:5)
  Margery (Crypt:3)
  7 golden dragons
  Jory (Crypt:3)
  A profane servitor (Crypt:3)
  A pandemonium lord (Pan)
  Geryon (Hell)
  2 bone dragons
  4 Brimstone Fiends (Pan)
  2 doom hounds (Crypt:1)
  A Tzitzimitl (Crypt:1)
  2 hellephants
  Rupert (Orc:2)
  A Hell Sentinel (Abyss:2)
  6 tentacled monstrosities
  A walking crystal tome (Depths:2)
  Grunn (Crypt:1)
  3 deep elf blademasters (Elf:3)
  3 walking earthen tomes
  4 liches
  An Ice Fiend (IceCv)
  A quicksilver dragon (Depths:3)
  5 titans
  A deep elf master archer (Elf:3)
  4 tentacled starspawn (Abyss:2)
  6 Executioners (Pan)
  2 ancient champions
  19 acid blobs
  The ghost of sirJeffrey23 the Bludgeoner, an adept FoFi of Okawaru (Swamp:1)
  2 sphinxes
  6 tengu reavers
  Donald (Swamp:1)
  2 revenants
  9 shadow dragons
  Roxanne (Swamp:2)
  10 rockslimes
  5 azure jellies
  7 fire giants
  7 storm dragons
  5 deep elf sorcerers
  7 iron dragons
  21 vault wardens
  Louise (Swamp:1)
  8 emperor scorpions
  12 frost giants
  2 ghost moths
  4 cacodemons
  2 balrugs
  A deep elf elementalist (Elf:3)
  7 ghouls
  4 spriggan defenders (Depths:2)
  A demonspawn corrupter (Pan)
  3 orc warlords
  9 reapers
  26 stone giants
  A juggernaut skeleton (Crypt:2)
  23 very ugly things
  5 draconian stormcallers (Depths:4)
  25 ironbound preservers
  A broodmother (Spider:4)
  A quicksilver ooze (shapeshifter) (Elf:1)
  11 ironbound thunderhulks
  14 quicksilver oozes
  A draconian annihilator (Pan)
  5 war gargoyles
  11 vampire knights
  A minotaur (Gauntlet)
  A black draconian (Depths:4)
  5 spark wasps
  3 eleionomae
  Azrael (D:13)
  A white draconian (Depths:4)
  5 deep elf annihilators
  11 deep elf demonologists
  6 dire elephants
  A red draconian (Depths:4)
  A lorocyproca (Pan)
  2 yellow draconians
  2 mummy priests (Crypt:3)
  6 blizzard demons
  3 eidola
  7 ettins
  5 green deaths
  7 deep elf death magi
  A bunyip (Swamp:4)
  A merfolk javelineer (Depths:2)
  An iron golem (Hell)
  5 entropy weavers
  20 yaktaur captains
  18 jiangshi
  2 rakshasas (Depths:2)
  8 fire dragons
  12 deep elf high priests
  8 great orbs of eyes
  7 ice dragons
  4 ogre magi (Vaults:5)
  20 hydras
  A jorogumo (Spider:3)
  A quicksilver dragon skeleton (Vaults:4)
  7 centaur warriors
  33 vault guards
  7 ironbound frosthearts
  2 ghost crabs
  7 spriggan air magi
  A catoblepas (Lair:5)
  A hell beast (Pan)
  7 two-headed ogres
  3 radroaches
  7 death knights
  34 dancing weapons
  9 boulder beetles
  A death scarab (Spider:4)
  6 vampire magi
  10 hell hogs
  11 alligators
  7 death yaks
  6 deep troll earth magi
  Urug (Lair:4)
  2 deep troll shamans
  19 tengu warriors
  5 orc high priests
  14 spriggan berserkers
  4 wretched stars
  22 hell knights
  Sonja (D:11)
  13 soul eaters
  22 sun demons
  A storm dragon zombie (Vaults:4)
  21 deep elf knights
  A spectral dire elephant (Crypt:3)
  13 spriggans
  7 shadow wraiths
  13 iron trolls
  24 skeletal warriors
  A death drake (shapeshifter) (D:14)
  A fire crab (shapeshifter) (D:15)
  7 sixfirhies
  3 pharaoh ants
  3 goliath frogs
  A sun moth (Spider:4)
  7 glowing orange brains
  A golden dragon zombie (Crypt:2)
  A glowing orange brain (shapeshifter) (Vaults:1)
  2 quicksilver dragon simulacra (Depths:3)
  5 steelbarb worms
  7 spriggan druids
  4 flayed ghosts
  82 deep trolls
  A swamp dragon (shapeshifter) (Depths:2)
  24 phantasmal warriors
  2 orb spiders
  10 ironbound convokers
  2 shadow demons (Pan)
  A death drake (Swamp:1)
  3 obsidian statues
  An orange crystal statue (Depths:1)
  7 bog bodies
  2 spriggan simulacra (IceCv)
  14 swamp dragons
  15 deep elf archers
  9 necromancers
  24 deep elf pyromancers
  13 wizards
  A harpy (shapeshifter) (D:14)
  7 lindwurms
  11 orc knights
  3 harpies (Vaults:1)
  An eleionoma zombie (Crypt:1)
  26 deep elf zephyrmancers
  5 orc sorcerers (Orc:2)
  A shining eye (shapeshifter) (Vaults:3)
  4 cyclopes
  44 ugly things
  4 manticores
  A fire giant zombie (Vaults:3)
  A stone giant zombie (Vaults:3)
  A fire giant skeleton (Crypt:2)
  5 moths of wrath
  24 wolf spiders
  6 will-o-the-wisps
  2 worldbinders (Abyss:2)
  8 shining eyes
  3 black mambas
  9 rust devils
  A centaur zombie (Crypt:2)
  An apocalypse crab (Gauntlet)
  14 vault sentinels
  16 cane toads
  3 torpor snails
  12 smoke demons
  An ice statue (Depths:3)
  3 hellions (Pan)
  An unseen horror (D:10)
  A yaktaur zombie (Vaults:3)
  10 demonic crawlers
  12 hellwings (Pan)
  A green draconian zombie (Crypt:1)
  2 rime drakes (Lair:5)
  4 orange demons
  18 freezing wraiths
  61 yaktaurs
  2 elf skeletons
  12 komodo dragons
  2 tormentors
  4 tengu conjurers
  8 ice devils
  An ancient zyme (Abyss:3)
  A mana viper zombie (Crypt:2)
  A sea snake skeleton (Crypt:2)
  6 guardian mummies (Crypt:3)
  A meliai (shapeshifter) (Vaults:5)
  A shadow dragon simulacrum (Crypt:3)
  A harpy zombie (Crypt:2)
  12 hornets
  9 trolls
  6 meliai
  A red devil (Depths:2)
  23 large abominations
  A harpy skeleton (Crypt:3)
  81 slime creatures
  A frost giant simulacrum (Vaults:4)
  14 raiju
  7 polar bears
  A raiju (shapeshifter) (D:14)
  2 spectral guardian serpents (Crypt:1)
  12 tyrant leeches
  A dream sheep (Lair:5)
  22 tarantellas
  12 blink frogs
  Grinder (D:4)
  A slime creature (shapeshifter) (Vaults:5)
  A snapping turtle (shapeshifter) (Vaults:5)
  10 small abominations
  A centaur simulacrum (Hell)
  An ettin skeleton (Vaults:3)
  18 jumping spiders
  11 starcursed masses
  A black mamba zombie (Crypt:2)
  2 air elementals
  53 flying skulls
  6 shadows
  12 water elementals
  20 culicivoras
  5 fire elementals
  A culicivora (shapeshifter) (D:13)
  11 wraiths
  5 wyverns
  6 ynoxinuls
  23 yaks
  5 basilisks
  4 neqoxecs
  6 golden eyes
  13 vampire mosquitoes
  2 steam dragons
  5 minotaur simulacra (IceCv)
  44 redbacks
  10 chaos spawn
  A harpy simulacrum (IceCv)
  2 wargs
  17 swamp worms
  14 hell hounds
  A floating eye (shapeshifter) (Vaults:5)
  Duvessa (D:4)
  A hydra simulacrum (IceCv)
  10 water moccasins
  A floating eye (Depths:2)
  3 sky beasts
  A black bear (Lair:2)
  A cane toad skeleton (Crypt:1)
  3 ettin simulacra (Depths:3)
  9 swamp drakes
  An ice beast (D:5)
  2 hornet zombies (Crypt:1)
  26 orc warriors
  An alligator simulacrum (IceCv)
  14 ogres
  A dream sheep skeleton (Crypt:2)
  14 centaurs
  4 phantoms
  A human skeleton (Vaults:4)
  15 wolves
  11 bullfrogs
  4 deep troll simulacra (IceCv)
  9 necrophages
  2 gnoll sergeants
  5 earth elementals
  3 hexers
  13 wights
  Dowan (D:4)
  44 killer bees
  3 lindwurm simulacra (IceCv)
  5 howler monkeys
  3 jellies
  A quasit (Abyss:3)
  14 orc priests
  3 hounds
  A gnoll bouda (D:9)
  An iron imp (Abyss:3)
  A black bear skeleton (Crypt:1)
  7 hell rats (Hell)
  17 orc wizards
  3 iguanas
  Natasha (twice) (D:4)
  The ghost of ponyjar the Sneak, a weakling OpDe (D:5)
  17 gnolls
  7 adders
  5 white imps
  3 ufetubi
  7 dart slugs
  81 orcs
  A bat skeleton (Crypt:2)
  10 endoplasms
  3 giant cockroaches
  7 goblins
  7 hobgoblins
  4 jackals (D:1)
  7 kobolds
  4 quokkas
  5 ball pythons
  10 bats
  A frilled lizard (D:1)
  A kobold zombie (Crypt:2)
  7 rats
  A ball lightning (Pan)
  A block of ice (Pan)
  A lurking horror (Abyss:3)
  4 starspawn tentacles (Abyss:2)
2465 creatures vanquished.

Vanquished Creatures (collateral kills)
  Khufu (Crypt:3)
  Saint Roka (Depths:2)
  the Lernaean hydra (Swamp:4)
  A Tzitzimitl (Pan)
  A lich (Abyss:2)
  An acid blob (Slime:1)
  An Executioner (Pan)
  A tengu reaver (Vaults:5)
  An ancient champion (Crypt:1)
  A pandemonium lord (Pan)
  A revenant (Crypt:1)
  2 azure jellies
  A fenstrider witch (Swamp:2)
  2 emperor scorpions (Spider:4)
  A vault warden (Vaults:2)
  A curse skull (Crypt:1)
  An ironbound preserver (Vaults:1)
  A very ugly thing (Vaults:3)
  A quicksilver ooze (Slime:5)
  A war gargoyle (Vaults:5)
  A deep elf annihilator (Vaults:3)
  A spark wasp (Depths:3)
  A dire elephant (Vaults:4)
  A blizzard demon (Pan)
  An ettin (Vaults:5)
  A yaktaur captain (Vaults:5)
  An entropy weaver (Spider:1)
  2 fire dragons (Depths:1)
  2 jiangshi (Crypt:3)
  A great orb of eyes (Vaults:2)
  6 hydras
  An ice dragon (Depths:3)
  2 vault guards (Vaults:5)
  A jorogumo (Spider:1)
  A catoblepas (Lair:5)
  A death knight (D:15)
  4 dancing weapons
  A deep troll shaman (Depths:1)
  A hell hog (Hell)
  2 death yaks (Lair:2)
  2 vampire magi
  5 hell knights
  2 deep elf knights
  4 soul eaters
  An iron troll (Depths:1)
  A sun demon (Hell)
  A wretched star (Abyss:3)
  Lodul (D:11)
  2 skeletal warriors
  A steelbarb worm (Spider:2)
  A deep elf archer (Elf:2)
  A bog body (Swamp:3)
  A large abomination (Pan)
  2 orb spiders
  2 swamp dragons (Swamp:4)
  An ironbound convoker (Vaults:5)
  2 flayed ghosts
  5 deep trolls
  A wizard (Gauntlet)
  A glowing orange brain (Abyss:2)
  A deep elf zephyrmancer (Elf:2)
  A lindwurm (Lair:5)
  2 deep elf pyromancers (Elf:2)
  2 manticores
  2 shining eyes
  An ugly thing (Vaults:4)
  2 moths of wrath (Spider:4)
  2 will-o-the-wisps
  2 orange demons
  Maurice (D:10)
  2 vault sentinels
  2 smoke demons
  A black mamba (Lair:4)
  A cane toad (Lair:5)
  A yaktaur (D:11)
  A kobold demonologist (D:11)
  A demonic crawler (Spider:4)
  A freezing wraith (Vaults:5)
  A hellwing (Pan)
  A guardian mummy (Crypt:3)
  2 tyrant leeches
  A polar bear (Lair:4)
  2 hornets
  2 blink frogs
  A tarantella (Spider:1)
  6 slime creatures
  2 flying skulls (Crypt:3)
  A spriggan (Swamp:3)
  2 culicivoras
  A vampire (D:10)
  2 starcursed masses
  A wraith (D:10)
  2 fire elementals
  3 basilisks
  6 golden eyes
  A wyvern (Lair:2)
  A yak (Lair:4)
  A chaos spawn (Pan)
  4 redbacks
  2 swamp worms
  2 swamp drakes
  6 orc warriors
  2 ogres (D:11)
  A bullfrog (Lair:1)
  A necrophage (D:8)
  A deep troll simulacrum (IceCv)
  A small abomination (Abyss:3)
  4 killer bees (D:10)
  An electric eel (Lair:1)
  A jelly (Lair:5)
  3 orc priests
  6 orc wizards
  An adder (D:4)
  8 orcs
  A hobgoblin (D:4)
  A kobold (D:4)
  2 fire vortices (Hell)
204 creatures vanquished.

Vanquished Creatures (others)
  An eleionoma (Swamp:3)
  A deep elf knight (Elf:1)
  A sixfirhy (Pan)
  2 wizards (Pan)
  An ugly thing (D:15)
  3 bloated husks
  A swamp worm (Swamp:3)
  An orc warrior (Elf:1)
  A sky beast (shapeshifter) (Elf:2)
  An ettin simulacrum (Depths:3)
  An ogre (Vaults:5)
  46 hexers
  An orc (Elf:1)
  2 ball lightnings (Pan)
  14 demonic plants (Gauntlet)
  A fire vortex (Hell)
  43 foxfires
  10 fungi
  55 plants
  6 starspawn tentacles (Abyss:2)
  3 withered plants (Gauntlet)
195 creatures vanquished.

Grand Total: 2864 creatures vanquished

Notes
Turn   | Place    | Note
-------+----------+-------------------------------------------
     0 | D:1      | purpskrrrp the Minotaur Monk began the quest for the Orb.
     0 | D:1      | Reached XP level 1. HP: 19/19 MP: 0/0
   112 | D:1      | Reached XP level 2. HP: 20/26 MP: 1/1
   303 | D:1      | Reached skill level 5 in Axes
   385 | D:1      | Reached XP level 3. HP: 31/31 MP: 2/2
   761 | D:1      | Identified a scroll of acquirement
   761 | D:1      | Acquired the +11 broad axe of Ambiguity {venom, Drain rF+
                  | Str+4}
   766 | D:1      | Gained mutation: You have large cloven feet. [potion of
                  | mutation]
   766 | D:1      | Gained mutation: You are partially covered in iridescent
                  | scales. (AC +2) [potion of mutation]
   766 | D:1      | Gained mutation: You sometimes lose your temper in combat.
                  | [potion of mutation]
   956 | D:2      | Reached XP level 4. HP: 39/39 MP: 3/3
  1505 | D:3      | Found a faded altar of an unknown god.
  1917 | D:3      | Reached XP level 5. HP: 41/45 MP: 4/4
  2014 | D:3      | Found a hazy altar of Hepliaklqana.
  2065 | D:3      | Became a worshipper of Hepliaklqana the Forgotten
  2065 | D:3      | Reached * piety under Hepliaklqana
  2065 | D:3      | Reached ** piety under Hepliaklqana
  2066 | D:3      | Remembered your ancestor Zada as a hexer
  2144 | D:3      | You fall into a shaft and drop 1 floor!
  2170 | D:4      | Noticed Grinder
  2177 | D:4      | Killed Grinder
  2178 | D:4      | Reached XP level 6. HP: 45/45 MP: 2/5
  2220 | D:4      | Noticed Duvessa
  2239 | D:4      | Killed Duvessa
  2239 | D:4      | Noticed Dowan
  2242 | D:4      | Killed Dowan
  2243 | D:4      | Reached XP level 7. HP: 41/51 MP: 6/6
  2425 | D:4      | Found a sacrificial altar of Ru.
  2425 | D:4      | Found an ancient bone altar of Kikubaaqudgha.
  2494 | D:4      | Noticed Natasha
  2501 | D:4      | Killed Natasha
  2502 | D:4      | Reached skill level 10 in Axes
  2814 | D:4      | Noticed Natasha
  2817 | D:4      | Killed Natasha
  2861 | D:5      | Entered Level 5 of the Dungeon
  2861 | D:5      | Found a snail-covered altar of Cheibriados.
  2881 | D:5      | Found an opulent altar of Gozag.
  2947 | D:5      | Found Ivag's Antique Weapon Emporium.
  2960 | D:5      | Acquired a +2 executioner's axe of distortion
  3067 | D:5      | Reached XP level 8. HP: 47/57 MP: 7/7
  3231 | D:5      | Found a runed translucent gate.
  3231 | D:5      | Found a runed translucent gate.
  3231 | D:5      | Found a runed translucent gate.
  3232 | D:5      | Noticed ponyjar's ghost (weakling OpDe)
  3254 | D:5      | Found an iron altar of Okawaru.
  4083 | D:6      | Reached *** piety under Hepliaklqana
  4147 | D:6      | Identified the +1 chain mail of the Shore {rPois Str+3
                  | Int+3 Dex-5}
  4859 | D:6      | Found a shimmering blue altar of Sif Muna.
  4869 | D:6      | Found a basalt altar of Yredelemnul.
  5165 | D:7      | Reached skill level 1 in Armour
  5166 | D:7      | Reached XP level 9. HP: 63/63 MP: 8/8
  5300 | D:7      | Found a staircase to the Ecumenical Temple.
  5423 | D:7      | Reached skill level 5 in Fighting
  5438 | D:7      | Found a white marble altar of Elyvilon.
  5827 | D:7      | Reached **** piety under Hepliaklqana
  6160 | D:8      | Reached skill level 15 in Axes
  6315 | D:8      | Noticed a two-headed ogre
  6320 | D:8      | Killed a two-headed ogre
  6321 | D:8      | Reached skill level 5 in Armour
  6321 | D:8      | Reached XP level 10. HP: 64/75 MP: 9/9
  6507 | D:8      | Noticed a deep elf pyromancer
  6510 | D:8      | Killed a deep elf pyromancer
  7355 | D:9      | Reached skill level 1 in Shields
  7412 | D:9      | Found a staircase to the Lair.
  7563 | D:9      | Noticed a two-headed ogre
  7570 | D:9      | Killed a two-headed ogre
  7572 | D:9      | Reached ***** piety under Hepliaklqana
  7750 | D:9      | Found a glowing golden altar of the Shining One.
  7785 | D:9      | Noticed an obsidian statue
  8188 | D:10     | Entered Level 10 of the Dungeon
  8200 | D:10     | Reached XP level 11. HP: 49/84 MP: 10/10
  8477 | D:10     | Acquired the +9 crystal plate armour of Agoraphobia {+Inv
                  | Dex+2}
  8603 | D:10     | Reached skill level 5 in Shields
  8872 | D:10     | Noticed Maurice
  8892 | D:10     | Killed Maurice
  9346 | D:10     | Found a staircase to the Orcish Mines.
  9359 | D:10     | Found a stormy altar of Qazlal.
  9471 | D:11     | Noticed Sonja
  9660 | D:11     | Found a shimmering blue altar of Sif Muna.
  9680 | D:11     | Killed Sonja
  9777 | D:11     | Noticed an obsidian statue
  9843 | D:11     | Noticed Lodul
  9859 | D:11     | Paralysed by Lodul for 3 turns
  9862 | D:11     | Killed Lodul
 10128 | D:11     | Noticed a sun demon
 10325 | D:12     | Reached XP level 12. HP: 78/94 MP: 11/11
 10801 | D:12     | Noticed a boulder beetle
 10806 | D:12     | Killed a boulder beetle
 10814 | D:12     | Found a runed translucent door.
 10814 | D:12     | Noticed a four-headed hydra
 10814 | D:12     | Noticed a frost giant
 10815 | D:12     | Noticed a deep elf high priest
 10815 | D:12     | Noticed a vampire knight
 10824 | D:12     | Killed an eight-headed hydra
 10825 | D:12     | Reached skill level 10 in Fighting
 11022 | D:12     | Noticed a centaur warrior
 11366 | D:13     | Noticed a two-headed ogre
 11371 | D:13     | Killed a two-headed ogre
 11372 | D:13     | Reached skill level 10 in Shields
 11511 | D:13     | Noticed Azrael
 11524 | D:13     | Killed Azrael
 11587 | D:13     | Found a runed translucent door.
 11587 | D:13     | Noticed a boulder beetle
 11589 | D:13     | Noticed a centaur warrior
 11589 | D:13     | Noticed a seven-headed hydra
 11594 | D:13     | Killed a boulder beetle
 11612 | D:13     | Noticed a four-headed hydra
 11621 | D:13     | Killed a seven-headed hydra
 11622 | D:13     | Reached skill level 10 in Armour
 11725 | Lair:1   | Entered Level 1 of the Lair of Beasts
 11744 | Lair:1   | Found a gate leading to a gauntlet.
 11793 | Gauntlet | Entered a Gauntlet
 11793 | Gauntlet | Found a transporter.
 11793 | Gauntlet | Found a transporter.
 11797 | Gauntlet | Found a transporter.
 11799 | Gauntlet | Found a transporter.
 11811 | Gauntlet | Found a transporter.
 11813 | Gauntlet | Noticed a seven-headed hydra
 11817 | Gauntlet | Found a transporter.
 11817 | Gauntlet | Found a transporter.
 11820 | Gauntlet | Found a transporter.
 11835 | Gauntlet | Reached ****** piety under Hepliaklqana
 11847 | Gauntlet | Found a transporter.
 11854 | Gauntlet | Found a transporter.
 11890 | Gauntlet | Found a transporter.
 11894 | Gauntlet | Found a large runed translucent door.
 11914 | Gauntlet | Found a transporter.
 11929 | Gauntlet | Found a transporter.
 11945 | Gauntlet | Found a transporter.
 12048 | Gauntlet | Found a transporter.
 12050 | Gauntlet | Found a large runed translucent door.
 12050 | Gauntlet | Found a large runed translucent door.
 12051 | Gauntlet | Found a large runed translucent door.
 12051 | Gauntlet | Found a large runed translucent door.
 12052 | Gauntlet | Found a large runed translucent door.
 12052 | Gauntlet | Found a runed translucent door.
 12052 | Gauntlet | Found a runed translucent door.
 12052 | Gauntlet | Found a large runed translucent door.
 12052 | Gauntlet | Found a large runed translucent door.
 12053 | Gauntlet | Found a large runed translucent door.
 12053 | Gauntlet | Found a large runed translucent door.
 12056 | Gauntlet | Found a large runed translucent door.
 12056 | Gauntlet | Found a large runed translucent door.
 12058 | Gauntlet | Found a large runed translucent door.
 12058 | Gauntlet | Found a large runed translucent door.
 12058 | Gauntlet | Found a large runed translucent door.
 12060 | Gauntlet | Found a runed translucent gate.
 12060 | Gauntlet | Found a runed translucent gate.
 12060 | Gauntlet | Found a runed translucent gate.
 12062 | Gauntlet | Found a transporter.
 12073 | Gauntlet | Found a large runed translucent door.
 12587 | Gauntlet | Identified the ring of Attitude {Str+6 SInv}
 12587 | Gauntlet | Noticed a minotaur
 12597 | Gauntlet | Killed a minotaur
 12598 | Gauntlet | Reached XP level 13. HP: 79/104 MP: 12/12
 12631 | Gauntlet | Identified the amulet "Wiefeloh" {Regen+ Str+10}
 13367 | Lair:2   | Found a staircase to the Swamp.
 13632 | Lair:2   | Found a hole to the Spider Nest.
 13999 | Lair:2   | Got the Disquisition on Baneful Stones
 14950 | Lair:4   | Noticed Urug
 14960 | Lair:4   | Killed Urug
 15019 | Lair:4   | Found an ornate altar of the Wu Jian Council.
 15102 | Lair:4   | Reached XP level 14. HP: 114/114 MP: 13/13
 15417 | Lair:4   | You fall into a shaft and drop 1 floor!
 15417 | Lair:5   | Entered Level 5 of the Lair of Beasts
 16168 | Lair:5   | Acquired a manual of Shields
 16232 | Lair:5   | Found a runed translucent door.
 16270 | Lair:5   | Found a glowing silver altar of Zin.
 16363 | Lair:5   | Found a viscous altar of Jiyva.
 16365 | Lair:5   | Found a staircase to the Slime Pits.
 16628 | Lair:5   | Reached skill level 15 in Shields
 16726 | Lair:5   | Identified the +8 dagger of Kismet {holy, rF+}
 17298 | D:5      | Killed ponyjar's ghost
 18000 | D:14     | Reached skill level 15 in Fighting
 18017 | D:14     | Reached XP level 15. HP: 126/126 MP: 14/14
 18180 | D:14     | Found a gate to the Vaults.
 18795 | D:15     | Entered Level 15 of the Dungeon
 19113 | D:15     | Found a frozen archway.
 19143 | IceCv    | Entered an ice cave
 19387 | IceCv    | Noticed an Ice Fiend
 19393 | IceCv    | Killed an Ice Fiend
 19936 | D:15     | Found a basalt altar of Yredelemnul.
 20148 | D:15     | Found a staircase to the Depths.
 20559 | Orc:1    | Entered Level 1 of the Orcish Mines
 20559 | Orc:1    | Found Qevog Imi's Jewellery Emporium.
 20970 | Orc:1    | Found Olat's Assorted Antiques.
 20977 | Orc:1    | Bought a scroll of enchant armour for 210 gold pieces
 20978 | Orc:1    | Acquired a manual of Armour
 21019 | Orc:2    | Entered Level 2 of the Orcish Mines
 21212 | Orc:2    | Noticed Rupert
 21309 | Orc:2    | Killed Rupert
 21391 | Orc:2    | Gained mutation: You have an uncontrollable temper. [a
                  | neqoxec]
 21392 | Orc:2    | Lost mutation: You have large cloven feet. [a neqoxec]
 21470 | Orc:2    | Reached XP level 16. HP: 138/138 MP: 15/15
 21511 | Orc:2    | Found a staircase to the Elven Halls.
 21685 | Orc:2    | Found Etheatta's General Store.
 21686 | Orc:2    | Found Ufyepos's Jewellery Shoppe.
 21688 | Orc:2    | Found Qoygusic's Antique Armour Emporium.
 21688 | Orc:2    | Found Lymefi's Antique Weapon Emporium.
 21693 | Orc:2    | Bought a pair of glowing gloves for 195 gold pieces
 21717 | Orc:2    | Bought a potion of curing for 39 gold pieces
 21719 | Orc:2    | Bought a +6 ring of strength for 576 gold pieces
 21909 | Swamp:1  | Entered Level 1 of the Swamp
 21909 | Swamp:1  | Noticed Louise
 22001 | Swamp:1  | Killed Louise
 22110 | Swamp:1  | Found a runed translucent door.
 22115 | Swamp:1  | Noticed sirJeffrey23's ghost (adept FoFi)
 22307 | Swamp:1  | Noticed Donald
 22324 | Swamp:1  | Killed Donald
 22778 | Swamp:2  | Reached skill level 15 in Armour
 22780 | Swamp:2  | Paralysed by a fenstrider witch for 2 turns
 22819 | Swamp:2  | Noticed Roxanne
 23090 | Swamp:2  | Identified the +9 halberd of Chaos {freeze, Int+6}
 23502 | Swamp:2  | Killed Roxanne
 23740 | Swamp:3  | Found an ornate altar of the Wu Jian Council.
 24157 | Swamp:4  | Entered Level 4 of the Swamp
 24416 | Swamp:4  | Identified the +2 war axe "Iphusun" {freeze, rF+ rC+}
 24673 | Swamp:4  | Noticed the 27-headed Lernaean hydra
 24684 | Swamp:4  | Killed the 27-headed Lernaean hydra
 24685 | Swamp:4  | Reached XP level 17. HP: 61/149 MP: 16/16
 24913 | Swamp:4  | Got a decaying rune of Zot
 25342 | Swamp:1  | Killed sirJeffrey23's ghost
 25486 | Spider:1 | Entered Level 1 of the Spider Nest
 26247 | Spider:1 | Acquired the +1 tower shield of the Catamount {Dex+10}
 27428 | Spider:2 | Identified the +9 falchion of Doom {drain, Fly rElec}
 28376 | Spider:4 | Entered Level 4 of the Spider Nest
 28675 | Spider:4 | Reached XP level 18. HP: 148/160 MP: 17/17
 28837 | Spider:4 | Reached skill level 5 in Dodging
 29082 | Spider:4 | Got a gossamer rune of Zot
 29083 | Spider:4 | Upgraded the game from 0.30-a0-368-g86fb4627a9 to
                  | 0.30-a0-371-gad7725a93e
 29688 | Elf:1    | Entered Level 1 of the Elven Halls
 29978 | Elf:1    | Found a runed translucent gate.
 29978 | Elf:1    | Found a runed translucent gate.
 29978 | Elf:1    | Found a runed translucent gate.
 29978 | Elf:1    | Found a runed translucent gate.
 29978 | Elf:1    | Found a runed translucent gate.
 29979 | Elf:1    | Found a runed translucent gate.
 30670 | Elf:1    | Found Noaro's Armour Boutique.
 30700 | Elf:1    | Got Urojegas's Starting Incantation
 31016 | Elf:2    | Paralysed by an air elemental for 1 turns
 31054 | Elf:2    | Got the Directory of Glacial Death
 31235 | Elf:2    | Acquired the +1 cloak of Evolution {*Corrode MP+9 Dex+10}
 31260 | Elf:2    | Found a runed translucent gate.
 31260 | Elf:2    | Found a runed translucent gate.
 31264 | Elf:2    | Found a runed translucent gate.
 31741 | Elf:3    | Entered Level 3 of the Elven Halls
 31859 | Elf:3    | Reached XP level 19. HP: 163/170 MP: 18/18
 31867 | Elf:3    | Paralysed by an air elemental for 1 turns
 32410 | Elf:3    | Found a runed translucent door.
 32593 | Elf:3    | Identified the +5 short sword of Defence {vorpal, rN+}
 32616 | Elf:3    | Noticed a Tzitzimitl
 32616 | Abyss:2  | Cast into level 2 of the Abyss (a deep elf sorcerer)
 32914 | Abyss:2  | Gained mutation: Your magical capacity is very low. (-20%
                  | MP) [a neqoxec]
 32915 | Abyss:2  | Gained mutation: Your body sometimes deteriorates upon
                  | taking damage. [a neqoxec]
 32954 | Abyss:2  | Found a corrupted altar of Lugonu.
 32971 | Abyss:2  | Found a corrupted altar of Lugonu.
 33282 | Elf:3    | Escaped the Abyss
 33415 | Abyss:3  | Cast into level 3 of the Abyss (a deep elf demonologist)
 33656 | Abyss:3  | Noticed a hellephant
 33675 | Abyss:3  | Killed a hellephant
 33680 | Elf:3    | Escaped the Abyss
 33684 | Elf:3    | Noticed a Brimstone Fiend
 33783 | Elf:3    | Lost mutation: Your body sometimes deteriorates upon taking
                  | damage. [potion of mutation]
 33783 | Elf:3    | Lost mutation: You are partially covered in iridescent
                  | scales. (AC +2) [potion of mutation]
 33783 | Elf:3    | Gained mutation: Your natural rate of healing is unusually
                  | fast. [potion of mutation]
 33783 | Elf:3    | Gained mutation: You are robust. (+10% HP) [potion of
                  | mutation]
 34068 | Elf:3    | Identified the +7 plate armour "Jaypnili" {rC+ rCorr}
 34209 | Elf:3    | Identified the +12 long sword "Yhuffip" {flame, rElec
                  | Will+}
 34209 | Elf:3    | Identified the +11 plate armour of Follow the Leader {Str+2
                  | Dex+4}
 34209 | Elf:3    | Identified the amulet "Ynysas" {RegenMP rElec rPois rF-
                  | rCorr}
 34363 | Elf:3    | Got the Discourse on Ice and Malediction
 34391 | Elf:3    | Got the Grimoire of the Cloudy Volcanoes
 34420 | Elf:3    | Got the Volume of Septic Outbursts
 34422 | Elf:3    | Identified the +1 scale mail of the Pleiades {SInv}
 34635 | Elf:3    | Acquired 646 gold pieces
 34644 | Elf:3    | Reached skill level 1 in Throwing
 34956 | Vaults:1 | Entered Level 1 of the Vaults
 35221 | Vaults:1 | Reached XP level 20. HP: 201/201 MP: 17/17
 35500 | Vaults:1 | Reached skill level 5 in Throwing
 37301 | Vaults:2 | Found Hacek's Jewellery Shoppe.
 37725 | Vaults:2 | Reached skill level 10 in Dodging
 37847 | Vaults:2 | Reached skill level 10 in Throwing
 37853 | Vaults:2 | Reached XP level 21. HP: 212/212 MP: 5/17
 39251 | Vaults:3 | Identified the +1 robe "Hero's Friend" {Archmagi}
 39913 | Vaults:3 | Found a staircase to the Crypt.
 40679 | Vaults:4 | Acquired 697 gold pieces
 40966 | Vaults:4 | Paralysed by a great orb of eyes for 3 turns
 41953 | Vaults:5 | Entered Level 5 of the Vaults
 41968 | Vaults:5 | Reached XP level 22. HP: 224/224 MP: 0/18
 42006 | Vaults:5 | Noticed Bai Suzhen
 42007 | Vaults:5 | Identified the +10 sling of the Big Bang {freeze, Fly Will+
                  | Str-4}
 42019 | Vaults:5 | Noticed a dread lich
 42020 | Vaults:5 | Killed Bai Suzhen
 42023 | Vaults:5 | Paralysed by a dread lich for 3 turns
 42033 | Vaults:5 | Killed a dread lich
 42033 | Vaults:5 | Identified the +5 mace "Leir Vitz" {vorpal, +Blink}
 42040 | Vaults:5 | Noticed a golden dragon
 42043 | Vaults:5 | Noticed a golden dragon
 42058 | Vaults:4 | Killed a golden dragon
 42226 | Vaults:5 | Killed a golden dragon
 42427 | Vaults:5 | Noticed a golden dragon
 42435 | Vaults:5 | Killed a golden dragon
 43451 | Vaults:5 | Got a silver rune of Zot
 43454 | Vaults:5 | Identified the +2 scimitar of the Vulture {speed, rElec
                  | Will- rCorr Int+3}
 44321 | Crypt:1  | Entered Level 1 of the Crypt
 44348 | Crypt:1  | Found a runed translucent door.
 44351 | Crypt:1  | Noticed Uroast's ghost (veteran MiGl)
 44804 | Crypt:1  | Noticed Grunn
 44812 | Crypt:1  | Paralysed by a vampire knight for 5 turns
 44887 | Crypt:1  | Reached skill level 15 in Throwing
 44887 | Crypt:1  | Reached XP level 23. HP: 114/214 MP: 19/19
 45322 | Depths:1 | Entered Level 1 of the Depths
 45343 | Depths:1 | Found Wotsastri's Antique Armour Emporium.
 45354 | Depths:1 | Found Pofefes's Antique Armour Shoppe.
 45384 | Depths:1 | Bought a pair of distressingly furry boots for 275 gold
                  | pieces
 45384 | Depths:1 | Identified the +3 pair of boots of Guugenod {Int+6} (You
                  | bought it in a shop on level 1 of the Depths)
 45438 | Depths:1 | Found an opulent altar of Gozag.
 45534 | Depths:1 | Identified the +6 rapier of Tortured Reinforcement {vorpal,
                  | Stlth+}
 46201 | Depths:1 | Found a gateway to Hell.
 46400 | Depths:2 | Noticed Mara
 46405 | Depths:2 | Killed Mara
 46406 | Depths:2 | Found Zied Doi's General Store.
 46590 | Depths:2 | Paralysed by a floating eye for 2 turns
 46781 | Depths:2 | Noticed Saint Roka
 46786 | Depths:2 | Killed Saint Roka
 47167 | Depths:2 | Noticed a juggernaut
 47175 | Depths:2 | Killed a juggernaut
 47493 | Depths:2 | Found a bloodstained altar of Trog.
 47657 | Depths:2 | Found a one-way gate leading to the halls of Pandemonium.
 47659 | Depths:2 | Gained mutation: You occasionally lose the ability to drink
                  | potions when taking damage. [a cacodemon]
 48000 | Depths:3 | Reached XP level 24. HP: 223/247 MP: 16/19
 48116 | Depths:3 | Found a hide-covered altar of Uskayaw.
 48118 | Depths:3 | Found a one-way gate to the infinite horrors of the Abyss.
 48282 | Depths:3 | Found a shimmering altar of Xom.
 48432 | Depths:3 | Found a radiant altar of Vehumet.
 48432 | Depths:3 | Found a one-way gateway to a ziggurat.
 48900 | Depths:3 | Identified the +8 spear of the Establishment {vorpal, rC+
                  | rN++ Str+2 Dex-4}
 48979 | Depths:3 | Acquired 746 gold pieces
 48980 | Depths:3 | Acquired 240 gold pieces
 49215 | Depths:3 | Found an iron altar of Okawaru.
 49521 | Depths:4 | Entered Level 4 of the Depths
 49564 | Depths:4 | Reached skill level 27 in Fighting
 49756 | Depths:4 | Paralysed by a vampire knight for 4 turns
 49827 | Depths:4 | Found a gate to the Realm of Zot.
 50878 | Hell     | Entered the Vestibule of Hell
 50878 | Hell     | Noticed Geryon
 50908 | Hell     | Killed Geryon
 51007 | Hell     | Found a gateway to the ashen valley of Gehenna.
 51012 | Hell     | Reached XP level 25. HP: 257/257 MP: 8/19
 51448 | Hell     | Found a gateway to the decaying netherworld of Tartarus.
 51542 | Hell     | Found a gateway to the freezing wastes of Cocytus.
 51643 | Hell     | Found a gateway to the Iron City of Dis.
 52227 | Crypt:1  | Killed Grunn
 52523 | Crypt:1  | Killed Uroast's ghost
 52659 | Crypt:2  | Reached skill level 15 in Dodging
 52907 | Crypt:2  | Identified the +1 ring mail "Quowystae" {rF++ Regen+ Int-3
                  | Stlth+}
 53159 | Crypt:2  | Found the +3 pair of gauntlets of War {Slay+5}
 53510 | Crypt:3  | Entered Level 3 of the Crypt
 53537 | Crypt:3  | Noticed Jory
 53555 | Crypt:3  | Killed Jory
 53806 | Crypt:3  | Found an ancient bone altar of Kikubaaqudgha.
 54150 | Crypt:3  | Noticed Khufu
 54153 | Crypt:3  | Found a staircase to the Tomb.
 54162 | Crypt:3  | Killed Khufu
 54185 | Crypt:3  | Identified the +1 ring mail of Precision Catastrophes
                  | {Will+}
 54222 | Crypt:3  | Noticed Margery
 54235 | Crypt:3  | Killed Margery
 54353 | Crypt:3  | Found the +7 sceptre of Torment {pain, torment}
 54381 | Crypt:3  | Identified the +9 mace "Wokellog" {elec, rElec rC- MP+9
                  | Dex+5}
 54444 | Crypt:3  | Identified the ring of Arrival {rN+ Str+2 Int+4 Slay-5}
 54444 | Crypt:3  | Identified the ring "Cigrutaz" {rC- rN+ Will++ Int+8 Dex+4}
 55653 | Elf:2    | Reached XP level 26. HP: 266/266 MP: 19/19
 56111 | Slime:1  | Entered Level 1 of the Pits of Slime
 56369 | Slime:2  | Gained mutation: You are weak. (Str -2) [a shining eye]
 57443 | Slime:4  | Lost mutation: You have an uncontrollable temper. [a
                  | shining eye]
 57445 | Slime:4  | Gained mutation: You are dopey. (Int -2) [a shining eye]
 57588 | Slime:5  | Entered Level 5 of the Pits of Slime
 57615 | Slime:5  | Noticed the Royal Jelly
 57638 | Slime:5  | Killed the Royal Jelly
 57639 | Slime:5  | Reached skill level 27 in Shields
 57672 | Slime:5  | Lost mutation: You are robust. (+10% HP) [a shining eye]
 57945 | Slime:5  | Identified the +5 shortbow of Bread {drain, Drain rPois
                  | Dex+3}
 57947 | Slime:5  | Identified the +10 dagger of Moderation {vorpal, rPois
                  | Will- SInv}
 57954 | Slime:5  | Found the +3 Elemental Staff {rElec rF++ rC++ AC+5}
 57956 | Slime:5  | Identified the +1 dagger "Wuilolek" {freeze, rCorr Int+3}
 57958 | Slime:5  | Identified the +2 leather armour of Keuff {Slay+2}
 57971 | Slime:5  | Identified the +1 hand axe "Cidufoise" {protect, rC+ rCorr
                  | Str+4 Dex+4}
 57980 | Slime:5  | Found the amulet of the Four Winds {rN+ Will+++ Clar}
 58002 | Slime:5  | Got a slimy rune of Zot
 58025 | Slime:5  | Identified the +4 dagger "Xasemeifru" {elec, rPois rN+
                  | Stlth+}
 58026 | Slime:5  | Identified the +1 chain mail "Giraam" {rF+ rN+ Dex+6}
 58027 | Slime:5  | Identified the ring "Ceh Zee" {Fly rElec rF+ rCorr Dex-5}
 58470 | Slime:4  | Reached skill level 27 in Axes
 58470 | Slime:4  | Gained mutation: You are occasionally teleported next to
                  | monsters. [a shining eye]
 58472 | Slime:4  | Gained mutation: You are frail. (-10% HP) [a shining eye]
 58921 | Slime:1  | Gained mutation: Your flesh is heat resistant. (rF+) [a
                  | shining eye]
 58924 | Slime:1  | Gained mutation: Your body sometimes deteriorates upon
                  | taking damage. [a shining eye]
 58977 | Slime:1  | Gained mutation: Potions are less effective at restoring
                  | your health. [a shining eye]
 58980 | Slime:1  | Gained mutation: Armour fits poorly on your strangely
                  | shaped body. [a shining eye]
 59508 | Pan      | Entered Pandemonium
 59529 | Pan      | Noticed Ses Zuph the pandemonium lord
 59529 | Pan      | Gained mutation: Potions cannot restore your health. [a
                  | neqoxec]
 59535 | Pan      | Killed Ses Zuph the pandemonium lord
 59557 | Pan      | Got a demonic rune of Zot
 60606 | Pan      | Found an exit through the horrors of the Abyss.
 60809 | Pan      | Noticed Ushrahubb the pandemonium lord
 60814 | Pan      | Killed Ushrahubb the pandemonium lord
 60976 | Pan      | Gained mutation: You are very dopey. (Int -4) [a cacodemon]
 61033 | Pan      | Entered the realm of Lom Lobon.
 61344 | Pan      | Reached XP level 27. HP: 218/218 MP: 19/19
 61398 | Pan      | Noticed Lom Lobon
 61413 | Pan      | HP: 14/327 [Lom Lobon/great icy blast (39)]
 61417 | Pan      | Killed from afar by Lom Lobon

Illustrated notes

Levels and vault maps discovered:
D:1:      dpeg_arrival_arbitrary_c, layout_basic
D:2:      layout_loops_ring, kennysheep_minor_cross
D:3:      minmay_chambers_of_twos, layout_loops_ring, overflow_temple_1_default,
          ebering_ecumenical_altar_petrified
D:4:      layout_loops_cross, gammafunk_temple_overflow_elements, dk_vineyard_3,
          uniq_grinder, uniq_natasha, uniq_duvessa
D:5:      layout_rooms, cheibriados_altar_1, mainiacjoe_overflow_chevrons,
          okawaru_metal_pillars_3, serial_shops, shop_statue,
          ebering_ghost_rock_garden
D:6:      layout_loops_corners, amethyst_overflow_temple_binary,
          kennysheep_windowed_goal
D:7:      layout_basic, old_standard_altar, minmay_temple_entry_mini_moons
D:8:      layout_rooms, glass_columns_a, minmay_shattered_shrine
D:9:      layout_long_grid, tso_altar, dpeg_oklobed_lair, serial_bayou_pond_e,
          minivault_16
D:10:     wad_woods_minihive, layout_loops_corners,
          nicolae_qazlal_eye_of_the_storm, uniq_maurice
D:11:     layout_rooms, minivault_16, nicolae_sif_muna_little_library,
          uniq_sonja, uniq_lodul
D:12:     layout_rooms, minivault_13
D:13:     layout_big_octagon, lightli_airlock, uniq_azrael
D:14:     layout_loops_cross, david_vaults_2
D:15:     grunt_enter_depths_hoard, layout_layer_cave,
          portal_ice_cave_entry_ugly_swarm, old_standard_altar
Lair:1:   layout_hall_layers, gauntlet_entry_generic, infiniplex_staircase_pool,
          grunt_megastairs_5, serial_bayou_shore_a
Lair:2:   layout_cave_pods, swamp_mist, hellmonk_spider_entry_life_and_decay,
          st_stairs_3, grunt_megastairs_4
Lair:3:   layout_gridlike, beast_lair_carwin_1, serial_bayou_shore_b
Lair:4:   onia_ninara_swampy_vault, layout_cave_pods, basic_altar,
          cheibrodos_lair_lostbears, uniq_urug
Lair:5:   hangedman_lair_in_review, layout_loops_ring, slime_entry_2,
          basic_altar, kennysheep_basilisk_garden, infiniplex_staircase_pool_2,
          lemuel_fruit_tree
Swamp:1:  layout_basic_swamp, ebering_ghost_inner_flame, hangedman_swamp_lotus,
          uniq_donald, uniq_louise
Swamp:2:  layout_basic_swamp, serial_swamp_ruin, evilmike_swamp_ruin_house_3,
          evilmike_swamp_ruin_rubble_1, hangedman_swamp_ruin_hall, swamp_pool3,
          uniq_roxanne
Swamp:3:  layout_basic_swamp, nicolae_swamp_godswood
Swamp:4:  swamp_old_school, layout_basic_swamp, swamp_pool3
Spider:1: layout_spider_delve, nicolae_spider_circle_web
Spider:2: layout_chambers, drop_trap, hangedman_spider_tarantella_strand
Spider:3: layout_cave_pods
Spider:4: grunt_spider_rune_circles
Slime:1:  layout_caves
Slime:2:  layout_caves, cheibrodos_slime_lost_civilization_7
Slime:3:  cheibrodos_slime_lost_civilization_10, layout_caves,
          cheibrodos_slime_lost_civilization_4
Slime:4:  layout_caves
Slime:5
Orc:1:    layout_caves, serial_shops, shop, minmay_shop_enchanted_jewellery
Orc:2:    st_orc_congregation, layout_caves, uniq_rupert
Elf:1:    layout_loops_ring, serial_shops, nicolae_shop_crystal, orc_legates,
          hangedman_elven_ridges
Elf:2:    nicolae_elf_blades_splatter_lattice [nicolae_blade_lattice],
          layout_geoelf_grid
Elf:3:    minmay_elf_hall_not_hex, layout_loops_cross, nicolae_danse_macabre
Vaults:1: hangedman_vaults_slither, v_alt_pattern_1, vaults_room_corners,
          v_alt_pattern_6, ontoclasm_vaults_ring_small, v_alt_pattern_2,
          nicolae_vaults_twisting_passages, grunt_vaults_twisty,
          nicolae_vaults_octagons, nicolae_vaults_little_squares_3,
          vaults_room_door_ring, layout_vaults_maze_snakey
Vaults:2: nicolae_vaults_circle_grid_b, v_misc_9,
          nicolae_vaults_network_quinsquares
          [nicolae_vaults_network_quincunx_subvault,
          nicolae_vaults_network_quincunx_subvault,
          nicolae_vaults_network_quincunx_subvault,
          nicolae_vaults_network_quincunx_subvault], hangedman_vaults_stitches,
          nicolae_vaults_diagonal_hallway_8, nicolae_vaults_little_ls,
          vaults_dpeg_hooks, vaults_dpeg_cross, layout_vaults_chaotic_city,
          serial_shops, shop_coins
Vaults:3: nicolae_vaults_fighting_squares, nicolae_vaults_diagonal_hallway_6,
          hangedman_vaults_slice, ontoclasm_vaults_idyll,
          nicolae_vaults_little_squares_3, minmay_crypt_entry_simple_round,
          grunt_vaults_hallway_short, nicolae_vaults_disjoint_gnomons,
          v_misc_29, nicolae_vaults_yaktaur_gun_rack, v_pattern_2,
          hangedman_vaults_snaps, layout_vaults_omnibox
Vaults:4: nicolae_vaults_back_hallway, v_misc_4, ontoclasm_vaults_ligature,
          vaults_dpeg_spiral, ontoclasm_vaults_chip,
          nicolae_vaults_little_squares_1, v_misc_5, v_misc_27,
          ontoclasm_vaults_bender, vaults_room_grunt_arrival_ludios, v_misc_1,
          vaults_room_pool, ontoclasm_vaults_twist, ontoclasm_vaults_fault,
          layout_vaults_omnicross
Vaults:5: uniq_bai_suzhen
Crypt:1:  layout_misc_corridors, hellmonk_ghost_happy_afterlife,
          grunt_ministairs_2, nrook_guardian_serpent_ordinary,
          grunt_crypt_arrival_split, grunt_megastairs_1, uniq_grunn
Crypt:2:  layout_misc_corridors
Crypt:3:  grunt_crypt_end_deaths_head, uniq_margery, uniq_jory
Depths:1: layout_gridville, grunt_gozag_statues, hell_entry, minivault_16,
          onia_ninara_cookie, minmay_shoptagon
Depths:2: grunt_bent_corner, layout_cave_pools, serial_shops,
          nicolae_shop_trees, bloody_trog, rand_demon_pan_entry_1, hell_entry,
          uniq_saint_roka, uniq_mara
Depths:3: grunt_profane_halls [grunt_profane_temple_dis,
          grunt_profane_temple_geh, grunt_profane_temple_coc,
          grunt_profane_temple_tar, grunt_profane_loot], hell_entry,
          abyss_entry, pan_entry
Depths:4: evilmike_zot_entry_argh, layout_honeycomb,
          pf_vacation_house_of_asmodeus, serial_bayou_ford_a
Hell
Pan:      evilmike_mini_pan_corner, layout_cellular_growth,
          pan_blood_fountain_small, evilmike_mini_pan_other_thingy,
          layout_gridlike, lom_lobon_st, layout_grid_shapes,
          nicolae_pan_gloorx_vloqian_1

Skill      XL: |  1  2  3  4  5  6  7  8  9 10 11 12 13 14 15 16 17 18 19 20 21 22 23 24 25 26 |
---------------+-------------------------------------------------------------------------------+-----
Axes           | 4 5 6 7 8 9 11 14 15 16 18 19 20 21 22 23 24 25 26 27 | 27.0
Fighting       | 4 6 8 9 11 12 15 16 18 20 21 22 23 24 25 26 27 | 27.0
Armour         | 1 5 7 8 10 11 12 14 16 18 20 22 23 24 25 26 | 26.9
Shields        | 4 8 11 13 16 19 21 22 23 24 25 26 27 | 27.0
Dodging        | 4 7 8 10 11 12 13 14 16 22 | 22.3
Throwing       | 3 10 13 15 16 18 19 | 19.5
Stealth        | |  1.5

Action                   |  1- 3 |  4- 6 |  7- 9 | 10-12 | 13-15 | 16-18 | 19-21 | 22-24 | 25-27 || total
-------------------------+-------+-------+-------+-------+-------+-------+-------+-------+-------++-------
Melee: Hand axe          |    58 |       |       |       |       |       |       |       |       ||    58
       Headbutt          |    10 |     6 |    17 |    66 |   142 |   201 |   271 |   296 |   299 ||  1308
       Broad axe         |     7 |    51 |   145 |   348 |   665 |   890 |   877 |   967 |   938 ||  4888
       Kick              |     2 |     6 |    33 |     9 |       |       |       |       |       ||    50
       Punch             |       |     1 |     1 |       |       |       |       |       |       ||     2
Throw: Javelin           |       |       |       |       |     2 |       |       |       |       ||     2
Invok: Recall Ancestor   |       |     1 |       |       |     2 |       |     1 |     1 |       ||     5
       Ancestor Life: He |       |     1 |       |       |       |       |       |       |       ||     1
Evoke: Wand              |       |       |     3 |     7 |       |     6 |       |       |       ||    16
  Use: Scroll            |     4 |     1 |     6 |    18 |    18 |    10 |     7 |    10 |     5 ||    79
       Potion            |     1 |       |       |       |     3 |     3 |     2 |     3 |     2 ||    14
 Stab: Sleeping          |       |     4 |       |       |       |       |       |       |       ||     4
       Confused          |       |     1 |     5 |     8 |    24 |    22 |    95 |    89 |    96 ||   340
       Distracted        |       |       |       |     4 |     8 |    23 |    14 |    18 |    25 ||    92
       Paralysed         |       |       |       |       |    19 |    51 |    63 |    45 |    50 ||   228
Armor: Robe              |    13 |    11 |     3 |       |       |       |       |       |       ||    27
       Chain mail        |       |       |    59 |    45 |       |       |       |       |       ||   104
       Crystal plate arm |       |       |       |   177 |   326 |   460 |   154 |   235 |   113 ||  1465
Dodge: Dodged            |    45 |    27 |    59 |    79 |   132 |   187 |   204 |   311 |   250 ||  1294
Block: Kite shield       |       |       |       |   157 |   298 |       |       |       |       ||   455
       Tower shield      |       |       |       |       |   157 |   932 |   802 |   931 |   735 ||  3557

Table legend: (Time is in decaauts)
 A = Elapsed time spent in this place.
 B = Non-inter-level travel time spent in this place.
 C = Inter-level travel time spent in this place.
 D = Time resting spent in this place.
 E = Time spent auto-exploring this place.
 F = Levels seen in this place.
 G = Mean time per level.
                   A        B        C        D        E       F      G
               +--------+--------+--------+--------+--------+-----+--------+
         Total |  62639 |  55965 |   6674 |   5226 |  37898 |  58 | 1080.0 |
       Dungeon |  15752 |  13463 |   2289 |    723 |  10513 |  15 | 1050.1 |
          Lair |   5450 |   4292 |   1158 |    298 |   3222 |   5 | 1090.0 |
         Swamp |   3916 |   3624 |    292 |    422 |   2316 |   4 |  979.0 |
   Spider Nest |   4003 |   3746 |    257 |    285 |   2661 |   4 | 1000.8 |
    Slime Pits |   3075 |   2810 |    265 |    465 |   1705 |   5 |  615.0 |
  Orcish Mines |   1489 |   1178 |    311 |     89 |    816 |   2 |  744.5 |
   Elven Halls |   4669 |   4110 |    559 |    985 |   1825 |   3 | 1556.3 |
        Vaults |  10000 |   9074 |    926 |    911 |   6455 |   5 | 2000.0 |
         Crypt |   3531 |   3274 |    257 |    275 |   2126 |   3 | 1177.0 |
        Depths |   5729 |   5406 |    323 |    274 |   3894 |   4 | 1432.2 |
          Hell |    862 |    830 |     32 |    124 |    474 |   1 |  862.0 |
         Abyss |    977 |    977 |      0 |     48 |    435 |   2 |  488.5 |
   Pandemonium |   1927 |   1927 |      0 |    130 |   1086 |   3 |  642.3 |
      Ice Cave |    378 |    378 |      0 |     63 |     78 |   1 |  378.0 |
      Gauntlet |    875 |    875 |      0 |    130 |    288 |   1 |  875.0 |
               +--------+--------+--------+--------+--------+-----+--------+

Top non-repeatable levels by time:
Vaults:4: 2667 daAuts
Vaults:2: 2093 daAuts
   Elf:3: 2002 daAuts
Vaults:1: 1917 daAuts
Vaults:3: 1869 daAuts
Depths:3: 1654 daAuts
    D:10: 1588 daAuts
Depths:2: 1575 daAuts
  Lair:2: 1466 daAuts
Vaults:5: 1454 daAuts
Depths:4: 1410 daAuts
 Crypt:1: 1409 daAuts
  Lair:4: 1394 daAuts
     D:6: 1374 daAuts
   Elf:2: 1354 daAuts
